 Dungeon Crawl Stone Soup version 0.31-a0-819-gf6de2f5ab6 (webtiles) character file.

Game seed: 10790597370013580291

7196 TheScarfBastard the Cleaver (level 10, 0/132 HPs)
             Began as a Red Draconian Berserker on Sept 24, 2023.
             Was a High Priest of Trog.
             Slain by Josephine
             ... wielding a +1 dagger of venom
              (5 damage)
             ... on level 1 of the Orcish Mines.
             The game lasted 00:45:37 (7230 turns).

TheScarfBastard the Cleaver (DrBe)                  Turns: 7230, Time: 00:45:39

Health: 0/132      AC: 17    Str: 24    XL:     10   Next: 87%
Magic:  10/10      EV: 14    Int:  7    God:    Trog [*****.]
Gold:   1250       SH:  0    Dex: 11    Spells: 9/9 levels left

rFire   + . .        v - +4 broad axe (heavy)
rCold   . . .        (no shield)
rNeg    . . .        (body armour unavailable)
rPois   .            r - +1 hat
rElec   .            o - +1 cloak
rCorr   .            u - +3 pair of gauntlets of War {Slay+5}
SInv    .            e - +2 pair of boots
Will    .....        A - amulet of regeneration Stlth
                     (no ring)
HPRegen 1.22/turn    (no ring)
MPRegen 0.12/turn

%: no passive effects
@: berserking (expiring), lethally poisoned (0 -> -8), very quick
A: breathe fire, AC +7, unfitting armour, fire resistance 1, cold-blooded
a: Breathe Fire, Renounce Religion, Berserk, Trog's Hand, Brothers in Arms


You were on level 1 of the Orcish Mines.
You worshipped Trog.
Trog was extremely pleased with you.
You visited 3 branches of the dungeon, and saw 12 of its levels.
You also visited: Bailey.

You collected 1642 gold pieces.
You spent 392 gold pieces at shops.

Inventory:

Hand Weapons
 a - a +0 falchion
 c - a +2 antimagic dagger
 f - a +3 dagger of venom
 g - a +2 spectral quarterstaff
 k - a +2 vampiric hand axe
 l - a +2 short sword of protection
 v - a +4 heavy broad axe (weapon)
Missiles
 n - 3 throwing nets
Armour
 d - a scarf of shadows
 e - a +2 pair of boots (worn)
 o - a +1 cloak (worn)
 r - a +1 hat (worn)
 u - the +3 pair of gauntlets of War (worn) {Slay+5}
   (You acquired it on level 5 of the Dungeon)

   Slay+5:    It affects your accuracy & damage with ranged weapons and melee
   (+5).
Jewellery
 i - an amulet of reflection
 A - an amulet of regeneration (around neck)
Talismans
 w - a blade talisman
 D - a beast talisman
 H - a flux talisman
Wands
 z - a wand of iceblast (7)
 C - a wand of acid (10)
Scrolls
 b - 2 scrolls of fog
 q - a scroll of immolation
 y - a scroll of torment
 E - a scroll of amnesia
 I - a scroll of revelation
Potions
 h - a potion of enlightenment
 j - 2 potions of mutation
 m - a potion of curing
 p - a potion of attraction
 s - a potion of resistance {unknown}
 t - 3 potions of lignification
 x - a potion of degeneration
 B - a potion of ambrosia {unknown}
 F - a potion of heal wounds
 G - a potion of haste {unknown}


   Skills:
 + Level 7.7 Fighting
 + Level 5.0 Long Blades
 + Level 11.2 Axes
 + Level 7.9 Dodging
 + Level 3.2 Stealth
 + Level 4.3 Shields


You had 9 spell levels left.
You didn't know any spells.
Your spell library was empty.

Dungeon Overview and Level Annotations

Branches:
Dungeon (9/15)             Temple (1/1) D:6             Orc (2/2) D:9
 Bailey (visited)
   Lair: D:8-11         Elf: Orc:2

Altars:
Ashenzari
Cheibriados
Dithmenos
Elyvilon
Fedhas
Gozag
Hepliaklqana
Makhleb
Nemelex Xobeh
Okawaru
Qazlal
Ru
Sif Muna
Trog
Uskayaw
Vehumet
Wu Jian
Xom
Yredelemnul
Zin
The Shining One

Shops:
D:4 [   D:7 ?(*::   D:9 (

Annotations:
D:7 1 transporter
Orc:1 Josephine


Innate Abilities, Weirdness & Mutations

You can breathe blasts of fire.
Your fiery red scales are hard. (AC +7)
You cannot fit into any form of body armour.
Your flesh is heat resistant. (rF+)
You are cold-blooded and may be slowed by cold attacks.


Message History

Josephine misses you.
The orc warlord hits you with a +0 battleaxe!!
* * * LOW HITPOINT WARNING * * *
You slice the orc warlord!!
The orc warlord is almost dead.
You closely miss the wraith. You closely miss Josephine.
You feel sick.
A warg comes into view.
The wraith closely misses you. Josephine hits you but does no damage.
You are more poisoned.
The orc warlord hits you with a +0 battleaxe.
* * * LOW HITPOINT WARNING * * *
You are too berserk!
You feel sick. The wraith hits you but does no damage.
Josephine hits you but does no damage.
You are more poisoned.
The orc closely misses you. The orc warlord barely misses you.
You climb upwards.
You feel a strong urge to attack something.
* * * LOW HITPOINT WARNING * * *
You feel very sick.
There is a stone staircase leading down here.
You closely miss Josephine.
Josephine is moderately wounded.
You slice the orc warlord!!
You kill the orc warlord!
Trog accepts your kill.
You slash the wraith!
* * * LOW HITPOINT WARNING * * *
You feel very sick. Josephine hits you but does no damage.
You are lethally poisoned!
The wraith misses you.
Your Axes skill increases to level 11!
You slash Josephine!
Josephine is heavily wounded.
You barely miss the wraith.
* * * LOW HITPOINT WARNING * * *
You feel very sick.
Josephine hits you with a +1 dagger of venom.
You die...

.....#.....##.....#.......#......
......^...#.##....#.............#
.....#.#.....###...#............#
_...##.#.....#............^.#..##
........#...............#..#####
..........#........#.......# ##
..........................## ###.
..#..#..........W#.......## ##...
...............@@........# ##....
.........#.....)......[[####...#.
...#......................##..###
.............#................#
...##.#.....#..........#.....####
...###.....#...............####..
....##....#................##....
.....##.#........#........#......
....####.................#....###


You could see Josephine and a wraith.

Vanquished Creatures
  An orc warlord (Orc:1)
  3 trolls
  A vampire (D:8)
  4 wraiths (Orc:2)
  A wyvern (D:8)
  A warg (Orc:1)
  A water moccasin (D:7)
  10 orc warriors
  A black bear (D:8)
  3 ogres
  4 wolves (Bailey)
  2 centaurs
  A phantom (D:5)
  2 kobold brigands
  3 bullfrogs
  3 gnoll sergeants (Bailey)
  2 scorpions
  8 wights (D:7)
  9 killer bees
  A jelly (D:4)
  7 orc priests
  3 gnoll boudas
  2 hounds (Bailey)
  2 sleepcaps
  5 iguanas
  14 orc wizards
  10 adders
  14 gnolls
  2 shadow imps (D:7)
  A white imp (D:7)
  An ufetubus (D:7)
  A worm (D:4)
  5 dart slugs
  74 orcs
  7 endoplasms
  2 giant cockroaches
  13 goblins
  9 hobgoblins
  A jackal (D:4)
  11 kobolds
  4 quokkas
  9 ball pythons
  9 bats
  9 rats
276 creatures vanquished.

Notes
Turn   | Place    | Note
-------+----------+-------------------------------------------
     0 | D:1      | TheScarfBastard the Draconian Berserker began the quest for
                  | the Orb.
     0 | D:1      | Reached XP level 1. HP: 19/19 MP: 1/1
    89 | D:1      | Reached XP level 2. HP: 26/26 MP: 2/2
   262 | D:1      | Found a faded altar of an unknown god.
   400 | D:1      | Reached ** piety under Trog
   521 | D:1      | Reached XP level 3. HP: 33/33 MP: 3/3
   922 | D:2      | Reached XP level 4. HP: 40/40 MP: 4/4
  1320 | D:2      | You fall into a shaft and drop 1 floor!
  1572 | D:3      | Found a burning altar of Makhleb.
  1602 | D:3      | Reached XP level 5. HP: 46/46 MP: 5/5
  1905 | D:3      | Reached *** piety under Trog
  2100 | D:3      | Found a white marble altar of Elyvilon.
  2314 | D:4      | Found Baef's Antique Armour Emporium.
  2367 | D:4      | Reached skill level 5 in Long Blades
  2367 | D:4      | Reached skill level 1 in Axes
  2367 | D:4      | Reached skill level 1 in Stealth
  2439 | D:4      | Reached XP level 6. HP: 25/52 MP: 6/6
  2685 | D:4      | Reached skill level 2 in Axes
  2699 | D:4      | Reached skill level 1 in Shields
  2774 | D:5      | Entered Level 5 of the Dungeon
  2840 | D:5      | Reached skill level 3 in Axes
  2845 | D:5      | Your scales start taking on a fiery red colour.
  2845 | D:5      | Reached XP level 7. HP: 60/60 MP: 7/7
  2845 | D:5      | Gained mutation: Your flesh is heat resistant. (rF+) [Red
                  | Draconian growth]
  2900 | D:5      | Found a shadowy altar of Dithmenos.
  2932 | D:5      | Reached **** piety under Trog
  3058 | D:5      | Reached skill level 4 in Axes
  3377 | D:5      | Identified 3 scrolls of acquirement
  3378 | D:5      | Acquired the +3 pair of gauntlets of War {Slay+5}
  3378 | D:5      | Found the +3 pair of gauntlets of War {Slay+5}
  3385 | D:5      | Acquired a +2 heavy broad axe
  3388 | D:5      | Acquired 916 gold pieces
  3850 | D:6      | Reached skill level 5 in Fighting
  3850 | D:6      | Reached skill level 5 in Axes
  3960 | D:6      | Reached XP level 8. HP: 68/68 MP: 8/8
  4075 | D:6      | Found a staircase to the Ecumenical Temple.
  4080 | Temple   | Entered the Ecumenical Temple
  4165 | D:6      | Found a sacrificial altar of Ru.
  4165 | D:6      | Found a shimmering altar of Xom.
  4597 | D:7      | Found a sparkling altar of Nemelex Xobeh.
  4597 | D:7      | Found a transporter.
  4597 | D:7      | Noticed a meliai
  4598 | D:7      | Noticed a troll
  4632 | D:7      | Found Haidia's Magic Scroll Shoppe.
  4637 | D:7      | Bought a scroll of revelation for 90 gold pieces
  4637 | D:7      | Bought a scroll of blinking for 90 gold pieces
  4637 | D:7      | Bought a scroll of enchant weapon for 90 gold pieces
  4637 | D:7      | Bought a scroll of identify for 24 gold pieces
  4694 | D:7      | Found an opulent altar of Gozag.
  4712 | D:7      | Reached skill level 5 in Dodging
  4724 | D:7      | Reached skill level 6 in Axes
  4752 | D:7      | Found a flagged portal.
  4785 | Bailey   | Entered a bailey
  4838 | Bailey   | Noticed Grum
  4845 | Bailey   | Reached XP level 9. HP: 61/75 MP: 9/9
  4848 | Bailey   | Reached skill level 7 in Axes
  4924 | Bailey   | Identified the amulet "Zir Pbba" {Drain +Inv rF+ Regen+}
  5132 | D:7      | Found Faih's Weapon Shoppe.
  5142 | D:7      | Found Hatygi's General Store.
  5154 | D:7      | Bought a potion of curing for 42 gold pieces
  5154 | D:7      | Bought a scroll of identify for 28 gold pieces
  5154 | D:7      | Bought a scroll of identify for 28 gold pieces
  5210 | D:7      | Found Vaqelam's Book Shop.
  5364 | D:7      | Found Etenunas's Book Boutique.
  5366 | D:7      | Reached ***** piety under Trog
  5713 | D:8      | Found a runed translucent door.
  5738 | D:8      | Reached skill level 8 in Axes
  6233 | D:8      | Identified the +11 sling "Ytystru" {freeze, Dex+4}
  6514 | D:9      | Found a blossoming altar of Fedhas.
  6680 | D:9      | Noticed a troll
  6687 | D:9      | Killed a troll
  6688 | D:9      | Reached skill level 9 in Axes
  6688 | D:9      | Reached XP level 10. HP: 84/84 MP: 10/10
  6719 | D:9      | Received a gift from Trog
  6727 | D:9      | Found Teowimext's Weapon Shop.
  6729 | D:9      | Found a staircase to the Orcish Mines.
  6752 | Orc:1    | Entered Level 1 of the Orcish Mines
  7071 | Orc:1    | Reached skill level 10 in Axes
  7213 | Orc:2    | Entered Level 2 of the Orcish Mines
  7213 | Orc:2    | Noticed an orc warlord
  7214 | Orc:2    | Noticed Josephine
  7229 | Orc:1    | Killed an orc warlord
  7230 | Orc:1    | Reached skill level 11 in Axes
  7230 | Orc:1    | HP: 5/132 [poisoned by Josephine]
  7230 | Orc:1    | Slain by Josephine

Illustrated notes

Levels and vault maps discovered:
D:1:      heliophobic_arrival_battle_scene, layout_loops_cross,
          nicolae_ecumenical_snake_handling
D:2:      layout_basic
D:3:      layout_basic, mainiacjoe_overflow_paths, elyvilon_altar_3
D:4:      layout_cave_pools, kiku_gazebo_garden_becter, serial_shops,
          nicolae_shop_waterfront, minivault_23, nzn_random_ring
D:5:      layout_basic, mainiacjoe_overflow_catwalk, kennysheep_generic_room_12
D:6:      layout_basic, gammafunk_temple_overflow_wave, temple_doors_ab
D:7:      layout_loops_ring, grunt_nemelex_the_gamble, lemuel_tele_altar,
          enter_bailey_5, serial_shops, shop, shop, shop, shop,
          kennysheep_little_box
D:8:      layout_basic, chequers_serial_rivers_micro_b, serial_park_tiny_1,
          lightli_church_of_beogh
D:9:      layout_basic, fedhas_altar_4, orc_david_3
Temple:   dshaligram_water_room_temple
Orc:1:    layout_caves, basic_altar
Orc:2:    st_orc_rangers, layout_diamond_mine, basic_altar, uniq_josephine

Skill      XL: |  1  2  3  4  5  6  7  8  9 10 |
---------------+-------------------------------+-----
Dodging        | 3 4 5 7 |  7.9
Long Blades    | 4 5 |  5.0
Fighting       | 4 5 6 7 |  7.7
Axes           | 1 3 5 6 9 11 | 11.2
Stealth        | 1 2 3 |  3.2
Shields        | 1 2 3 4 |  4.3

Action                     |  1- 3 |  4- 6 |  7- 9 | 10-12 || total
---------------------------+-------+-------+-------+-------++-------
  Melee: Falchion          |   107 |    56 |       |       ||   163
         Tailslap          |     9 |    18 |    24 |     8 ||    59
         Hand axe          |       |   150 |    67 |       ||   217
         Broad axe         |       |       |   169 |    70 ||   239
         Punch             |       |       |     4 |     2 ||     6
 Invoke: Berserk           |     1 |     3 |     6 |     2 ||    12
Ability: Breathe Fire      |       |       |     9 |     1 ||    10
    Use: Scroll            |     4 |     1 |    22 |       ||    27
         Potion            |     1 |     2 |     2 |       ||     5
   Stab: Sleeping          |       |     1 |     1 |       ||     2
 Armour: Skin              |    65 |   130 |   300 |    71 ||   566
  Dodge: Dodged            |    70 |   132 |   333 |    58 ||   593
  Block: Other             |       |    36 |    91 |       ||   127
         Reflection        |       |       |     2 |       ||     2

Table legend: (Time is in decaauts)
 A = Elapsed time spent in this place.
 B = Non-inter-level travel time spent in this place.
 C = Inter-level travel time spent in this place.
 D = Time resting spent in this place.
 E = Time spent auto-exploring this place.
 F = Levels seen in this place.
 G = Mean time per level.
                   A        B        C        D        E       F      G
               +--------+--------+--------+--------+--------+-----+--------+
         Total |   7577 |   7121 |    456 |      0 |   4357 |  13 |  582.8 |
       Dungeon |   6852 |   6448 |    404 |      0 |   4091 |   9 |  761.3 |
        Temple |     31 |      1 |     30 |      0 |      0 |   1 |   31.0 |
  Orcish Mines |    502 |    480 |     22 |      0 |    266 |   2 |  251.0 |
        Bailey |    192 |    192 |      0 |      0 |      0 |   1 |  192.0 |
               +--------+--------+--------+--------+--------+-----+--------+

Top non-repeatable levels by time:
     D:8: 1009 daAuts
     D:3: 950 daAuts
     D:5: 919 daAuts
     D:6: 914 daAuts
     D:1: 871 daAuts
     D:7: 827 daAuts
     D:4: 564 daAuts
   Orc:1: 486 daAuts
     D:2: 478 daAuts
     D:9: 316 daAuts
  Bailey: 192 daAuts
  Temple: 31 daAuts
   Orc:2: 15 daAuts
